 Dungeon Crawl Stone Soup version 0.30.1-9-gdf580d7c3d (webtiles) character file.

Game seed: 13966661135105497194

226 KittyFluff the Covered (level 6, -14/38 HPs)
             Began as a Gargoyle Berserker on Oct 14, 2023.
             Was a Priest of Trog.
             Demolished by a small abomination (17 damage)
             ... on level 3 of the Dungeon.
             The game lasted 00:10:36 (2587 turns).

KittyFluff the Covered (Gargoyle Berserker)         Turns: 2587, Time: 00:10:37

Health: -14/38     AC: 13    Str: 22    XL:     6   Next: 1%
Magic:  6/6        EV: 11    Int:  8    God:    Trog [***...]
Gold:   153        SH:  2    Dex:  9    Spells: 5/5 levels left

rFire   . . .        a - +0 mace
rCold   . . .        n - +0 buckler
rNeg    + . .        j - +0 leather armour
rPois   ∞            b - +0 helmet
rElec   +            (no cloak)
rCorr   .            t - +0 pair of gloves
SInv    .            e - +2 pair of boots
Will    .....        (no amulet)
Stlth   +            (no ring)
HPRegen 0.26/turn    (no ring)
MPRegen 0.10/turn

%: no passive effects
@: no status effects
A: sickness immunity, AC +4, negative energy resistance 1, electricity
resistance, torment resistance 1, petrification resistance, teleportitis 1
a: Renounce Religion, Berserk, Trog's Hand


You were on level 3 of the Dungeon.
You worshipped Trog.
Trog was most pleased with you.
You visited 1 branch of the dungeon, and saw 3 of its levels.

You collected 153 gold pieces.

Inventory:

Hand Weapons
 a - a +0 mace (weapon)
 r - a +0 sling
Missiles
 l - 4 poisoned darts (quivered)
 p - 4 javelins
Armour
 b - a +0 helmet (worn)
 e - a +2 pair of boots (worn)
 j - a +0 leather armour (worn)
 n - a +0 buckler (worn)
 t - a +0 pair of gloves (worn)
Jewellery
 o - a ring of fire
Wands
 y - a wand of flame (3)
Scrolls
 c - a scroll of amnesia {unknown}
 d - 2 scrolls of fear {unknown}
 f - 3 scrolls of identify {unknown}
 g - a scroll of poison {unknown}
 h - 2 scrolls of vulnerability {unknown}
 i - 2 scrolls of teleportation
 k - a scroll of magic mapping {unknown}
 m - a scroll of fog {unknown}
 s - 3 scrolls of enchant weapon {unknown}
 u - 4 scrolls of immolation {unknown}
 w - 3 scrolls of acquirement {unknown}
 x - a scroll of enchant armour {unknown}
Potions
 v - a potion of resistance {unknown}


   Skills:
 + Level 4.2 Fighting
 + Level 3.9 Maces & Flails
 * Level 4.5 Armour
 + Level 2.5 Dodging


You had 5 spell levels left.
You didn't know any spells.
Your spell library was empty.

Dungeon Overview and Level Annotations

Branches:
Dungeon (3/15)

Altars:

Portals:
Abyss: D:3

Annotations:
D:3 1 transporter, fitz's ghost, amateur BaHu


Innate Abilities, Weirdness & Mutations

You are immune to sickness and miasma.
Your stone body is resilient. (AC +4)
You are immune to poison.
You resist negative energy. (rN+)
You are resistant to electric shocks. (rElec)
You are resistant to unholy torment.
You are immune to petrification.
You are occasionally teleported next to monsters.


Message History

You block the white imp's attack.
You hit the white imp.
The white imp is heavily wounded.
The white imp closely misses you.
You closely miss the white imp.
The white imp is heavily wounded.
The white imp hits you. The white imp freezes you.
You barely miss the white imp.
The white imp is heavily wounded.
The white imp closely misses you.
You barely miss the white imp.
The white imp is heavily wounded.
The white imp gestures at you. The puff of frost misses you.
The white imp hits you but does no damage.
You hit the white imp.
The white imp is almost dead.
The white imp hits you but does no damage.
You barely miss the white imp.
The white imp is almost dead.
The white imp gestures at you. The puff of frost hits you.
* * * LOW HITPOINT WARNING * * *
You barely miss the white imp.
The white imp is almost dead.
The white imp hits you but does no damage.
You hit the white imp.
You kill the white imp!
Trog accepts your kill.
You have reached level 6!
You barely miss fitz's ghost.
Fitz's ghost hits you but does no damage.
Fitz's ghost attacks as you move away! Fitz's ghost closely misses you.
There is a transporter landing site here.
You barely miss the small abomination. The small abomination hits you!
* * * LOW HITPOINT WARNING * * *
It was a potion of mutation.
You feel extremely strange.
You feel weirdly uncertain. The small abomination hits you!
You die...

#.#..##.$...K#©.#..#..[.##~~##
#.#..#...#..##..##.##...#~~~~†
#.#..##.#.###...##..#...##~~##
####.#...##..#....##...#..#.####
.....#...# .?##©###...##..#.#
#.#.##..##..#.###...###...#.#
.....#..#...##...##.#.....#.#
#.#.#...##.#..#..#x∩##....#.#
.........##.....@xW.?##.....#
#.#.##....#.#..####?#.##..#.# ##
.....#...##...##..#..^.#..#.# #.
#.#.##...#.©###...###$##....####.
.....#...####.......###..........
#.#.##....................#.####.
...>.........................###.
#.#.#.#####.##.##..#.####.....###
......# #.##..#............##


You could see 2 small abominations and fitz's ghost.

Vanquished Creatures
  A small abomination (D:3)
  7 adders
  4 river rats (D:3)
  A white imp (D:3)
  A worm (D:3)
  6 dart slugs
  3 orcs (D:3)
  6 endoplasms
  3 giant cockroaches
  8 goblins
  6 hobgoblins
  5 jackals
  3 quokkas
  6 ball pythons
  8 bats
  2 frilled lizards
  7 kobolds
  4 rats
81 creatures vanquished.

Notes
Turn   | Place    | Note
-------+----------+-------------------------------------------
     0 | D:1      | KittyFluff the Gargoyle Berserker began the quest for the
                  | Orb.
     0 | D:1      | Reached XP level 1. HP: 14/14 MP: 1/1
   146 | D:1      | Reached XP level 2. HP: 19/19 MP: 2/2
   166 | D:1      | Found a faded altar of an unknown god.
   337 | D:1      | Reached XP level 3. HP: 23/23 MP: 3/3
   349 | D:1      | Reached ** piety under Trog
   871 | D:2      | Reached XP level 4. HP: 29/29 MP: 4/4
  1364 | D:3      | Found a transporter.
  1471 | D:3      | Reached *** piety under Trog
  1486 | D:3      | Reached XP level 5. HP: 33/33 MP: 5/5
  1653 | D:3      | Identified the +2 dagger "Xoll" {freeze, rN+ Int-3 Dex+5}
  1787 | D:3      | Found a one-way gate to the infinite horrors of the Abyss.
  1787 | D:3      | Noticed fitz's ghost (amateur BaHu)
  2096 | D:3      | Noticed a small abomination
  2210 | D:3      | Found a transporter.
  2551 | D:3      | Noticed a kobold brigand
  2581 | D:3      | Reached XP level 6. HP: 12/38 MP: 6/6
  2587 | D:3      | Gained mutation: You are occasionally teleported next to
                  | monsters. [potion of mutation]
  2587 | D:3      | Demolished by a small abomination

Illustrated notes

Levels and vault maps discovered:
D:1:      lemuel_arrival_river_ford, layout_rooms,
          shapermc_ecumenical_altar_venn, chequers_big_river
D:2:      layout_loops_ring, serial_glass, glass_columns_c, glass_columns_a,
          glass_columns_a, glass_columns_b, glass_columns_b, glass_columns_a,
          glass_columns_a, glass_columns_b, glass_columns_c, glass_columns_b,
          glass_columns_b, glass_columns_b, glass_columns_a, glass_columns_b
D:3:      layout_loops_corners, gammafunk_ghost_abyssal_escape,
          gup_sewer_entry_bubbles, kennysheep_small_spiral, st_stairs_10,
          minmay_misc_feat_columns

Skill      XL: |  1  2  3  4  5 |
---------------+----------------+-----
Armour         | 3 4 |  4.5
Dodging        | 2 |  2.5
Fighting       | 4 |  4.2
Maces & Flails | |  3.9

Action                     |  1- 3 |  4- 6 || total
---------------------------+-------+-------++-------
  Melee: Mace              |   130 |   215 ||   345
    Use: Potion            |       |     1 ||     1
 Armour: Animal skin       |    23 |       ||    23
         Leather armour    |    55 |    94 ||   149
  Dodge: Dodged            |    96 |   113 ||   209
  Block: Buckler           |     4 |    25 ||    29
